 Dungeon Crawl Stone Soup version 0.19-a0-1035-gdbfb0c6 (webtiles) character file.

65405 Leszczynek the Bludgeoner (level 15, -1/222 HPs)
             Began as an Ogre Abyssal Knight on July 28, 2016.
             Was the Champion of Lugonu.
             Slain by a fire crab (4 damage)
             ... on level 11 of the Dungeon on July 29, 2016.
             The game lasted 01:18:32 (27529 turns).

Leszczynek the Bludgeoner (Ogre Abyssal Knight)    Turns: 27529, Time: 01:18:33

Health: -1/222     AC:  8    Str: 26    XL:     15   Next: 16%
Magic:  22/22      EV: 12    Int: 13    God:    Lugonu [******]
Gold:   1433       SH:  0    Dex: 12    Spells: 4 memorised, 8 levels left

rFire  + . .     SeeInvis .     a - +0 giant club
rCold  + . .     Gourm    .     m - +0 troll leather armour {Snorg}
rNeg   . . .     Faith    .     (shield currently unavailable)
rPois  +         Spirit   .     h - +2 hat
rElec  +         Dismiss  .     n - +1 cloak
rCorr  +         Reflect  .     (gloves unavailable)
SustAt .         Harm     .     (boots unavailable)
MR     +++..                    d - amulet of rage
Stlth  ..........               H - ring of protection from magic
                                r - ring of protection from magic

@: berserking, resistant, very quick, extremely resistant to hostile
enchantments, extremely unstealthy
A: unfitting armour, molten scales 1, deformed body, frail 1, screaming 1, tough
skin 1
a: Depart the Abyss, Bend Space, Banish, Corrupt, Enter the Abyss, Brand Weapon
With Distortion, Renounce Religion, Evoke Berserk Rage


You were on level 11 of the Dungeon.
You worshipped Lugonu.
Lugonu was exalted by your worship.
You were not hungry.

You visited 3 branches of the dungeon, and saw 20 of its levels.
You visited the Abyss 1 time.
You also visited: Sewer.

You collected 1638 gold pieces.
You spent 205 gold pieces at shops.

Inventory:

Hand Weapons
 a - a +0 giant club (weapon)
 J - a +1 giant spiked club
 S - a +4 great mace of protection
Missiles
 t - 11 tomahawks of returning
 x - 22 tomahawks
 y - 2 throwing nets
 E - 7 large rocks (quivered)
 L - 5 curare-tipped needles
Armour
 h - a +2 hat (worn)
 m - a +0 troll leather armour (worn) {Snorg}
 n - a +1 cloak (worn)
Rods
 b - a +0 iron rod (12/12)
   (You found it on level 5 of the Lair of Beasts)
Jewellery
 d - an amulet of rage (around neck)
 e - an uncursed ring of resist corrosion
 r - a ring of protection from magic (left hand)
 H - a ring of protection from magic (right hand)
 Y - a +5 ring of dexterity
Wands
 s - a wand of enslavement (17/24)
 z - a wand of acid (5/15)
 A - a wand of lightning (10/15)
 G - a wand of confusion (25/48)
 P - a wand of lightning (12/15)
 R - a wand of lightning (12/15)
 U - a wand of paralysis (8/24)
 V - a wand of iceblast (6/15)
 W - a wand of lightning (10/15)
 Z - a wand of digging (8/24)
Scrolls
 i - 2 scrolls of recharging
 k - 9 scrolls of teleportation
 l - 14 scrolls of remove curse
 q - 4 scrolls of enchant armour
 w - 5 scrolls of magic mapping
 D - a scroll of silence
 I - 2 scrolls of blinking
 K - a scroll of fog
 N - a scroll of identify
Potions
 g - 3 potions of magic
 j - 2 potions of invisibility
 o - 6 potions of curing
 u - 5 potions of might
 B - 7 potions of heal wounds
 C - 5 potions of agility
 F - a potion of resistance
 M - a potion of flight
 O - 4 potions of haste
 Q - 2 potions of cancellation
 T - a potion of berserk rage
Comestibles
 c - 9 bread rations
 f - 17 beef jerkies
 v - 7 meat rations


   Skills:
 + Level 14.7 Fighting
 * Level 18.5 Maces & Flails
 + Level 9.9 Throwing
 - Level 6.5 Dodging
 - Level 2.3 Stealth
 - Level 8.5 Invocations
 - Level 10.1 Evocations


You had 8 spell levels left.
You knew the following spells:

 Your Spells              Type           Power        Failure   Level  Hunger
a - Repel Missiles        Chrm/Air       #.....       56%         2    ###....
b - Blink                 Tloc           N/A          56%         2    ###....
c - Apportation           Tloc           #.........   34%         1    ##.....
d - Summon Butterflies    Summ           #.......     34%         1    ##.....


Dungeon Overview and Level Annotations

Branches:
Dungeon (12/15)            Temple (0/1) D:4            Lair (6/6) D:11
 Shoals (0/4) Lair:4       Spider (0/4) Lair:4        Slime (0/5) Lair:6
    Orc (2/2) D:11            Elf (0/3) Orc:2

Altars:
Ashenzari
Cheibriados
Gozag
Hepliaklqana
Makhleb
Okawaru
Pakellas
Qazlal
Sif Muna
Yredelemnul
Beogh

Shops:
D:3 *   D:9 %?   D:11 ([   Orc:1 [   Orc:2 }:((

Annotations:
D:4 Eustachio
D:5 exclusion: ice beast
Lair:6 death yaks, acid blob
Abyss:1 Grum, Josephine, Maurice


Innate Abilities, Weirdness & Mutations

You are too large for most types of armour.
You have tough skin. (AC +1)
You are partially covered in molten scales. (AC +1)
Armour fits poorly on your strangely shaped body.
You are frail. (-10% HP)
You occasionally shout uncontrollably at your foes.


Message History

You sock the manticore!
You kill the manticore!
Lugonu accepts your kill. The fire crab barely misses you.
The fire crab claws you.
* * * LOW HITPOINT WARNING * * *
You are engulfed in flames!
You resist.
* * * LOW HITPOINT WARNING * * *
The centaur warrior hits you.
* * * LOW HITPOINT WARNING * * *
You barely miss the fire crab.
The fire crab is lightly wounded.
Unknown command.
You beat the fire crab like a drum!!!
The fire crab is almost dead.
The centaur warrior hits you.
* * * LOW HITPOINT WARNING * * *
The fire crab bites you!
* * * LOW HITPOINT WARNING * * *
You are engulfed in flames.
You resist.
You die...

#...........................#...
#..........[................#...
##..<....#######'#+##.####.......
#...................#.# #.......
#.......†...........#.# #.......
##.......♣...#####..#.# #...∩.>.
######.....######..#.# #......[
##...'##.##'..c##..#.# #.......
##>.♣..##.##..♣†@#..#.# ##.......
.##...##...##..t##..#.###..#...##
..######.♣(#######..#..........#
.......#...#........#..........#
######.##>##........#..........#
# #..########....#..........# #
#.........#....#.......(..## #
#.........#....#..#''####... #
#.........#....'..#.....#...


You could see a centaur warrior and a fire crab.

Vanquished Creatures
  An orc warlord (Orc:2)
  Snorg (D:10)
  2 hydras
  3 death yaks
  4 orc high priests (Orc:2)
  A hill giant (D:11)
  6 orc knights (Orc:2)
  An oklob plant (Lair:4)
  4 griffons
  A cyclops (D:11)
  2 manticores
  3 orc sorcerers (Orc:2)
  2 black mambas (Lair:6)
  2 torpor snails
  10 elephants
  3 komodo dragons
  10 spiny frogs
  3 rime drakes
  4 trolls
  6 two-headed ogres
  Prince Ribbit (D:6)
  10 blink frogs
  4 polar bears
  2 slime creatures
  4 wyverns
  76 yaks
  2 basilisks (Lair:6)
  2 wraiths (D:10)
  11 hippogriffs
  A hungry ghost (D:11)
  A mottled dragon (D:11)
  3 wargs (Orc:2)
  16 water moccasins
  46 orc warriors
  5 porcupines
  2 black bears
  2 ice beasts
  A phantom (D:11)
  2 sky beasts
  4 wasps
  2 necrophages
  2 wolves (D:9)
  15 ogres
  14 crocodiles
  3 centaurs
  4 big kobolds
  15 giant frogs
  A gnoll sergeant (D:10)
  A water moccasin zombie (D:9)
  A wyvern skeleton (D:10)
  2 scorpions (D:11)
  9 wights
  9 howler monkeys
  3 crimson imps
  A wasp zombie (D:5)
  2 centaur zombies
  2 giant frog zombies
  4 hounds
  2 jellies
  39 orc priests
  3 centaur skeletons
  7 iguanas
  A giant frog skeleton (D:6)
  18 orc wizards
  5 hell rats (Lair:6)
  8 worker ants
  7 sheep (Lair:4)
  3 hound zombies
  3 hound skeletons
  A worker ant zombie (D:10)
  7 gnolls
  A howler monkey skeleton (D:7)
  19 adders
  54 river rats
  3 shadow imps
  3 oozes (Sewer)
  An adder zombie (D:10)
  An adder skeleton (D:4)
  5 worms
  3 dart slugs
  4 giant geckos
  108 orcs
  8 giant cockroaches
  5 goblins
  8 hobgoblins
  4 jackals
  4 quokkas
  3 ball pythons
  13 bats
  A giant gecko skeleton (D:8)
  7 giant newts
  22 kobolds
  A quokka skeleton (D:4)
  9 rats
745 creatures vanquished.

Vanquished Creatures (others)
  A stone giant (Orc:2)
  2 hydras (Lair:6)
  A sea snake (Lair:6)
  The ghost of Meriados the Slinger, a novice CeHu of Hepliaklqana (D:7)
  A harpy (Lair:6)
  An orc sorcerer (Orc:2)
  An ugly thing (D:11)
  2 griffons (Lair:6)
  2 spiny frogs (Lair:6)
  A rime drake (Lair:5)
  2 komodo dragons
  A boulder beetle (Lair:5)
  7 blink frogs
  3 wraiths (D:10)
  2 yaks
  2 hungry ghosts
  3 orc warriors
  A wasp (Lair:6)
  2 orc wizards (D:7)
  An orc (Orc:2)
  22 fungi
  28 plants
87 creatures vanquished.

Grand Total: 832 creatures vanquished

Notes
Turn   | Place    | Note
-------+----------+-------------------------------------------
     0 | Abyss:1  | Leszczynek the Ogre Abyssal Knight began the quest for the Orb.
     0 | Abyss:1  | Reached XP level 1. HP: 24/24 MP: 2/2
    34 | Abyss:1  | Found a corrupted altar of Lugonu.
    56 | Abyss:1  | Noticed a bone dragon
    66 | Abyss:1  | Noticed a small abomination
    67 | D:1      | Escaped the Abyss
   319 | D:1      | Reached skill level 1 in Stealth
   436 | D:1      | Reached XP level 2. HP: 24/32 MP: 3/3
   583 | D:1      | Reached skill level 2 in Stealth
   586 | D:1      | Reached * piety under Lugonu
   765 | D:1      | Reached XP level 3. HP: 39/39 MP: 4/4
  1028 | D:2      | Reached skill level 3 in Maces & Flails
  1646 | D:2      | Found a burning altar of Makhleb.
  1646 | D:2      | Noticed an Executioner
  1665 | D:2      | Gained mutation: Your mind is acute. (Int +2) [potion of beneficial mutation]
  1829 | D:3      | Reached skill level 1 in Evocations
  1829 | D:3      | Reached XP level 4. HP: 48/48 MP: 5/5
  2003 | D:3      | Reached ** piety under Lugonu
  2122 | D:3      | Reached skill level 4 in Maces & Flails
  2128 | D:3      | Reached XP level 5. HP: 33/54 MP: 6/6
  2258 | D:3      | Found a glowing drain.
  2324 | Sewer    | Entered a sewer
  2369 | Sewer    | Noticed a big kobold
  2391 | Sewer    | Killed a big kobold
  2391 | Sewer    | Reached skill level 2 in Evocations
  2642 | Sewer    | Reached skill level 5 in Maces & Flails
  2710 | Sewer    | Noticed a big kobold
  2720 | Sewer    | Killed a big kobold
  2720 | Sewer    | Reached XP level 6. HP: 53/62 MP: 6/8
  2794 | Sewer    | Reached skill level 3 in Evocations
  3049 | D:3      | Found an opulent altar of Gozag.
  3049 | D:3      | Found Gozag's Platinum Reserve.
  3576 | D:4      | Noticed Eustachio
  3593 | D:4      | Found a staircase to the Ecumenical Temple.
  3624 | D:4      | Reached *** piety under Lugonu
  3886 | D:4      | Reached skill level 6 in Maces & Flails
  4262 | D:4      | Reached XP level 7. HP: 56/70 MP: 9/9
  4421 | D:4      | Reached skill level 3 in Invocations
  4697 | D:5      | Entered Level 5 of the Dungeon
  4829 | D:5      | Reached skill level 4 in Invocations
  4954 | D:5      | Found a snail-covered altar of Cheibriados.
  5006 | D:5      | Reached skill level 5 in Invocations
  5141 | D:5      | Found a snail-covered altar of Cheibriados.
  5484 | D:5      | Reached skill level 6 in Invocations
  5550 | D:5      | Reached XP level 8. HP: 77/78 MP: 12/12
  6298 | D:6      | Found a basalt altar of Yredelemnul.
  6310 | D:6      | Reached skill level 7 in Invocations
  6365 | D:6      | Found a hazy altar of Hepliaklqana.
  6387 | D:5      | Reached **** piety under Lugonu
  6648 | D:6      | Reached skill level 7 in Maces & Flails
  6927 | D:6      | the orc warrior is devoured by a tear in reality.
  6927 | D:6      | Reached skill level 8 in Maces & Flails
  7151 | D:6      | Reached skill level 9 in Maces & Flails
  7193 | D:6      | Noticed Prince Ribbit
  7202 | D:6      | Killed Prince Ribbit
  7202 | D:6      | Reached skill level 8 in Invocations
  7202 | D:6      | Reached XP level 9. HP: 69/84 MP: 11/15
  7456 | D:7      | Reached skill level 10 in Maces & Flails
  7467 | D:7      | Noticed Meriados's ghost (novice CeHu)
  7478 | D:7      | Meriados's ghost is devoured by a tear in reality.
  7478 | D:7      | Banished Meriados's ghost
  7502 | D:7      | Found a stormy altar of Qazlal.
  7803 | D:7      | Reached skill level 11 in Maces & Flails
  7838 | D:7      | the orc wizard is devoured by a tear in reality.
  7841 | D:7      | the orc wizard is devoured by a tear in reality.
  8384 | D:7      | Found an oddly glowing altar of Pakellas.
  8397 | D:6      | the orc warrior is devoured by a tear in reality.
  8397 | D:6      | Reached skill level 12 in Maces & Flails
  9027 | D:8      | Found a deep blue altar of Sif Muna.
  9113 | D:8      | Noticed Maurice
  9185 | D:8      | Reached skill level 13 in Maces & Flails
  9194 | D:8      | Reached XP level 10. HP: 83/92 MP: 13/16
  9422 | D:8      | Maurice is devoured by a tear in reality.
  9422 | D:8      | Banished Maurice
  9449 | D:8      | Reached skill level 14 in Maces & Flails
  9670 | D:8      | Gained mutation: You have large cloven feet. [potion of mutation]
  9670 | D:8      | Gained mutation: You occasionally shout uncontrollably at your foes. [potion of mutation]
  9670 | D:8      | Gained mutation: You are partially covered in molten scales. (AC +1) [potion of mutation]
  9671 | D:8      | Gained mutation: You are frail. (-10% HP) [potion of mutation]
  9671 | D:8      | Gained mutation: You are very frail. (-20% HP) [potion of mutation]
  9671 | D:8      | Gained mutation: Armour fits poorly on your strangely shaped body. [potion of mutation]
  9672 | D:8      | Lost mutation: Your mind is acute. (Int +2) [potion of cure mutation]
  9672 | D:8      | Lost mutation: You have large cloven feet. [potion of cure mutation]
  9672 | D:8      | Lost mutation: You are very frail. (-20% HP) [potion of cure mutation]
  9949 | D:9      | Noticed Grum
 10294 | D:9      | Found Noafuqit's Food Emporium.
 10308 | D:9      | the hungry ghost is devoured by a tear in reality.
 10578 | D:9      | Reached skill level 15 in Maces & Flails
 10584 | D:9      | Reached skill level 5 in Fighting
 10817 | D:9      | Found Weticio's Magic Scroll Shop.
 10825 | D:9      | Bought 2 scrolls of teleportation for 90 gold pieces
 10825 | D:9      | Bought a scroll of teleportation for 45 gold pieces
 10825 | D:9      | Bought a scroll of identify for 30 gold pieces
 11488 | D:9      | Grum is devoured by a tear in reality.
 11488 | D:9      | Banished Grum
 11720 | D:9      | Reached skill level 6 in Fighting
 11761 | D:10     | Entered Level 10 of the Dungeon
 11849 | D:10     | Found a shattered altar of Ashenzari.
 12038 | D:10     | Reached skill level 16 in Maces & Flails
 12038 | D:10     | Reached XP level 11. HP: 40/96 MP: 17/17
 12097 | D:10     | the yak is devoured by a tear in reality.
 12502 | D:10     | Noticed Snorg
 12519 | D:10     | Killed Snorg
 12519 | D:10     | Reached skill level 7 in Fighting
 12556 | D:10     | the orc warrior is devoured by a tear in reality.
 12912 | D:10     | the hungry ghost is devoured by a tear in reality.
 13230 | D:10     | Noticed Josephine
 13231 | D:10     | the wraith is devoured by a tear in reality.
 13233 | D:10     | Josephine is devoured by a tear in reality.
 13233 | D:10     | Banished Josephine
 13234 | D:10     | the wraith is devoured by a tear in reality.
 13263 | D:10     | Reached skill level 17 in Maces & Flails
 13271 | D:10     | Reached skill level 8 in Fighting
 13276 | D:10     | the wraith is devoured by a tear in reality.
 13866 | D:11     | Reached skill level 9 in Fighting
 14014 | D:11     | Noticed a hill giant
 14019 | D:11     | Killed a hill giant
 14019 | D:11     | Reached skill level 4 in Evocations
 14131 | D:11     | Found Riphar's Armour Emporium.
 14216 | D:11     | Reached XP level 12. HP: 94/111 MP: 18/18
 14327 | D:11     | Found a staircase to the Orcish Mines.
 14329 | D:11     | Found Zummum's Weapon Emporium.
 14360 | D:11     | Bought 4 tomahawks of returning for 40 gold pieces
 14370 | D:11     | Found a staircase to the Lair.
 14469 | D:11     | Reached skill level 18 in Maces & Flails
 14485 | D:11     | Reached skill level 5 in Evocations
 14589 | D:11     | Learned a level 2 spell: Blink
 14592 | D:11     | Learned a level 2 spell: Repel Missiles
 14655 | D:11     | Reached ***** piety under Lugonu
 14915 | D:11     | the red ugly thing is devoured by a tear in reality.
 15000 | Lair:1   | Entered Level 1 of the Lair of Beasts
 15363 | Lair:1   | Reached skill level 10 in Fighting
 15472 | Lair:1   | Reached skill level 3 in Dodging
 15826 | Lair:1   | Reached skill level 6 in Evocations
 15905 | Lair:1   | the blink frog is devoured by a tear in reality.
 15906 | Lair:1   | the blink frog is devoured by a tear in reality.
 15907 | Lair:1   | the blink frog is devoured by a tear in reality.
 15913 | Lair:1   | the blink frog is devoured by a tear in reality.
 16105 | Lair:1   | Learned a level 1 spell: Apportation
 16107 | Lair:1   | Learned a level 1 spell: Summon Butterflies
 16490 | Lair:2   | Noticed a death yak
 16513 | Lair:2   | Noticed a death yak
 16516 | Lair:2   | Killed a death yak
 16516 | Lair:2   | Reached skill level 1 in Throwing
 16516 | Lair:2   | Reached skill level 4 in Dodging
 16560 | Lair:2   | Killed a death yak
 16660 | Lair:2   | Reached skill level 11 in Fighting
 16977 | Lair:3   | Reached skill level 2 in Throwing
 16984 | Lair:2   | Reached skill level 5 in Dodging
 17163 | Lair:3   | the komodo dragon is devoured by a tear in reality.
 17267 | Lair:3   | Reached skill level 3 in Throwing
 17269 | Lair:3   | Reached XP level 13. HP: 123/123 MP: 19/19
 17425 | Lair:3   | Reached skill level 4 in Throwing
 18196 | Lair:4   | Reached skill level 6 in Dodging
 18409 | Lair:4   | Reached skill level 5 in Throwing
 18608 | Lair:4   | Reached skill level 12 in Fighting
 18874 | Lair:4   | Found a hole to the Spider Nest.
 18961 | Lair:4   | Found a staircase to the Shoals.
 19055 | Lair:4   | Reached skill level 6 in Throwing
 19656 | Lair:5   | Upgraded the game from 0.19-a0-1025-g778f431 to 0.19-a0-1035-gdbfb0c6
 19836 | Lair:5   | the blink frog is devoured by a tear in reality.
 19851 | Lair:5   | the blink frog is devoured by a tear in reality.
 19863 | Lair:4   | the blink frog is devoured by a tear in reality.
 20057 | Lair:4   | Reached skill level 7 in Throwing
 20147 | Lair:5   | the boulder beetle is devoured by a tear in reality.
 20147 | Lair:5   | Reached skill level 7 in Evocations
 20472 | Lair:5   | the rime drake is devoured by a tear in reality.
 20930 | Lair:6   | Entered Level 6 of the Lair of Beasts
 21013 | Lair:6   | the seven-headed hydra is devoured by a tear in reality.
 21089 | Lair:6   | Reached skill level 13 in Fighting
 21306 | Lair:6   | Reached XP level 14. HP: 101/137 MP: 20/20
 21426 | Lair:6   | the eight-headed hydra is devoured by a tear in reality.
 21426 | Lair:6   | Reached skill level 8 in Evocations
 21427 | Lair:6   | the komodo dragon is devoured by a tear in reality.
 21707 | Lair:6   | Reached skill level 8 in Throwing
 21929 | Lair:6   | Found a staircase to the Slime Pits.
 22078 | Lair:6   | the spiny frog is devoured by a tear in reality.
 22117 | Lair:6   | the griffon is devoured by a tear in reality.
 22334 | Lair:6   | Paralysed by a wasp for 3 turns
 22338 | Lair:6   | the wasp is devoured by a tear in reality.
 22339 | Lair:6   | the harpy is devoured by a tear in reality.
 22343 | Lair:6   | HP: 18/205 [crocodile (10)]
 22349 | Lair:6   | HP: 12/137 [poisoned by a wasp]
 22380 | Lair:6   | the spiny frog is devoured by a tear in reality.
 22916 | Lair:6   | Reached skill level 9 in Evocations
 23122 | Lair:6   | the griffon is devoured by a tear in reality.
 23150 | Lair:6   | Noticed an acid blob
 23208 | Lair:6   | the sea snake is devoured by a tear in reality.
 23221 | Lair:5   | the yak is devoured by a tear in reality.
 23513 | Orc:1    | Entered Level 1 of the Orcish Mines
 23595 | Orc:1    | Found an iron altar of Okawaru.
 23665 | Orc:1    | Found Linatish's Armour Shop.
 23767 | Orc:1    | gauntlets of war in a shop :/
 23916 | Orc:2    | Entered Level 2 of the Orcish Mines
 24183 | Orc:1    | Reached skill level 14 in Fighting
 24446 | Orc:2    | Reached skill level 9 in Throwing
 24641 | Orc:2    | Found a staircase to the Elven Halls.
 25137 | Orc:2    | Reached ****** piety under Lugonu
 25322 | Orc:2    | Noticed a stone giant
 25356 | Orc:2    | the stone giant is devoured by a tear in reality.
 25356 | Orc:2    | Banished a stone giant
 25691 | Orc:2    | Found a roughly hewn altar of Beogh.
 25863 | Orc:2    | Reached skill level 10 in Evocations
 26027 | Orc:2    | Found Recuink's Book Shoppe.
 26067 | Orc:2    | Found Liolunt's Gadget Emporium.
 26306 | Orc:2    | Noticed an orc warlord
 26344 | Orc:2    | Killed an orc warlord
 26446 | Orc:2    | Reached XP level 15. HP: 124/148 MP: 22/22
 26453 | Orc:2    | the orc sorcerer is devoured by a tear in reality.
 26466 | Orc:2    | Found a roughly hewn altar of Beogh.
 26665 | Orc:2    | Found Siullio's Weapon Boutique.
 26924 | Orc:2    | Found Nerch's Antique Weapon Emporium.
 27514 | D:12     | uhhh
 27514 | D:12     | the fuck
 27516 | D:12     | jesus christ what the hell
 27527 | D:11     | HP: 16/222 [fire crab (7)]
 27529 | D:11     | HP: 3/222 [fire crab (7)]
 27529 | D:11     | Slain by a fire crab

Vault maps used:
D:1:      mrwooster_arrival_statue_3
D:2:      makhleb_altar_promises_db, minmay_small_reverse_x
D:3:      nicolae_gozag_zags_fifth_avenue, portal_sewer_entry_e,
          serial_bayou_pond_b
D:4:      wad_crossroads, first_bread, uniq_eustachio
D:5:      overflow_temple_1_default, cheibriados_altar_1
D:6:      grunt_temple_overflow_open, uniq_prince_ribbit1
D:7:      old_standard_altar, overflow_temple_1_default, grunt_ogre_cave,
          grunt_ministairs_13, minivault_11
D:8:      led_sif_pool, uniq_maurice
D:9:      serial_shops, nicolae_shop_trees, shop, uniq_grum
D:10:     hangedman_decor_opposing, nicolae_ashenzari_panopticon,
          uniq_josephine, uniq_snorg
D:11:     lair_0_dummy, orc_david_3, grunt_ministairs_4
D:12:     minmay_ambush_box, serial_shops, nicolae_shop_statue_plus,
          minmay_misc_feat_tiny, kennysheep_just_a_vault
Lair:2:   grunt_megastairs_3
Lair:3:   grunt_megastairs_1, lemuel_fruit_fields
Lair:4:   minmay_shoals_entry_beasts, dummy_spider_entry
Lair:6:   gammafunk_lair_ancient_temple, minmay_slime_entry_pillars
Orc:1:    serial_shops, shop, okawaru_metal_pillars_3
Orc:2:    pubby_orc_utopia
Sewer:    kennysheep_pipe_town

Skill      XL: |  1  2  3  4  5  6  7  8  9 10 11 12 13 14 |
---------------+-------------------------------------------+-----
Stealth        | 1 2 |  2.3
Maces & Flails | 3 4 5 6 9 13 16 17 18 | 18.5
Evocations     | 1 2 3 4 6 7 10 | 10.1
Invocations    | 6 8 |  8.5
Fighting       | 6 9 11 13 14 | 14.7
Dodging        | 5 6 |  6.5
Throwing       | 3 7 9 |  9.9

Action                   |  1- 3 |  4- 6 |  7- 9 | 10-12 | 13-15 || total
-------------------------+-------+-------+-------+-------+-------++-------
Melee: Mace              |   107 |   219 |   288 |       |       ||   614
       Giant club        |       |       |    71 |   674 |  1165 ||  1910
       Giant spiked club |       |       |       |    40 |       ||    40
       Great mace        |       |       |       |       |    47 ||    47
Throw: Tomahawk          |     2 |     2 |    27 |    28 |    30 ||    89
       Large rock        |       |       |       |       |     2 ||     2
Invok: Depart the Abyss  |     1 |       |       |       |       ||     1
       Banish            |       |       |     5 |    18 |    27 ||    50
 Abil: Evoke Berserk Rag |       |       |     2 |     9 |     6 ||    17
Evoke: Rod               |       |       |       |       |    18 ||    18
       Wand              |       |       |       |       |     7 ||     7
       Sack of spiders   |       |       |       |       |     1 ||     1
  Use: Scroll            |     7 |       |     3 |    21 |     8 ||    39
       Potion            |     2 |     1 |     1 |     3 |     3 ||    10
 Stab: Sleeping          |     2 |     4 |     1 |     2 |     1 ||    10
       Distracted        |       |       |       |       |     2 ||     2
       Confused          |       |       |       |       |     2 ||     2
  Eat: Chunk             |     3 |     8 |    19 |    34 |    42 ||   106
       Royal jelly       |       |       |       |     1 |       ||     1
       Fruit             |       |       |       |     3 |     7 ||    10
       Pizza             |       |       |       |     1 |     1 ||     2
       Bread ration      |       |       |       |       |     1 ||     1
Armor: Robe              |    28 |    92 |   132 |    69 |       ||   321
       Skin              |       |     9 |     6 |       |       ||    15
       Troll leather arm |       |       |       |   104 |   251 ||   355
Dodge: Dodged            |    60 |   111 |   194 |   285 |   528 ||  1178
